 Dungeon Crawl Stone Soup version 0.32-a0-42-ga30500b4d3 (webtiles) character file.

Game seed: 1525265158372156995

27827 Newt the Skirmisher (level 13, -7/87 HPs)
             Began as a Kobold Hunter on Jan 29, 2024.
             Was the Champion of Okawaru.
             Mangled by a cyclops (27 damage)
             ... on level 13 of the Dungeon.
             The game lasted 00:20:53 (18265 turns).

Newt the Skirmisher (Kobold Hunter)                Turns: 18265, Time: 00:20:54

Health: -7/87      AC:  6    Str:  9    XL:     13   Next: 68%
Magic:  20/20      EV: 23    Int: 10    God:    Okawaru [******]
Gold:   844        SH:  8    Dex: 29    Spells: 16/21 levels left

rFire   . . .        F - +2 hand cannon (heavy)
rCold   . . .        G - +1 buckler {AC+3}
rNeg    . . .        K - +0 troll leather armour
rPois   +            (helmet currently unavailable)
rElec   .            (cloak currently unavailable)
rCorr   .            m - melded +0 pair of gloves
SInv    .            w - melded +2 pair of boots
Will    .....        t - amulet of faith
Stlth   +++          g - ring of poison resistance
HPRegen 1.14/turn    b - +6 ring of dexterity
MPRegen 0.17/turn

%: faith
@: beast-form
A: beast (slay +4), small, no large weapons, nightstalker 3
a: Begin Untransformation, Renounce Religion, Heroism, Finesse, Duel


You were on level 13 of the Dungeon.
You worshipped Okawaru.
Okawaru was exalted by your worship.
You were a hulking beast.
You visited 2 branches of the dungeon, and saw 15 of its levels.

You collected 1483 gold pieces.
You spent 639 gold pieces at shops.

Inventory:

Hand Weapons
 a - a +0 shortbow
 j - a +1 orcbow of electrocution
 p - a +0 sling
 x - a +3 sling of flaming
 F - a +2 heavy hand cannon (weapon)
Missiles
 E - 5 curare-tipped darts
Armour
 c - a +0 leather armour
 m - a +0 pair of gloves (melded)
 q - a +0 pair of boots
 v - a +1 pair of boots
 w - a +2 pair of boots (melded)
 y - +0 steam dragon scales
 G - a +1 buckler of protection (worn)
 K - a +0 troll leather armour (worn)
 N - a +3 ring mail of fire resistance
Jewellery
 b - a +6 ring of dexterity (right hand)
 g - a ring of poison resistance (left hand)
 k - a ring of fire
 l - an amulet of magic regeneration
 t - an amulet of faith (around neck)
 C - a ring of positive energy
 I - a ring of fire
Talismans
 A - a beast talisman (active)
Wands
 i - a wand of polymorph (17)
 s - a wand of flame (46)
 z - a wand of digging (5)
 J - a wand of paralysis (2)
 M - a wand of iceblast (4)
Scrolls
 e - 2 scrolls of immolation
 h - 4 scrolls of teleportation
 D - a scroll of blinking
 H - a scroll of fear
Potions
 d - 3 potions of ambrosia
 f - 3 potions of mutation
 n - 4 potions of might
 o - a potion of attraction
 r - a potion of cancellation
 u - a potion of enlightenment
 B - 4 potions of lignification
 L - a potion of heal wounds


   Skills:
 + Level 12.5 Fighting
 - Level 14.0 Ranged Weapons
 - Level 9.1 Dodging
 - Level 1.3 Stealth
 - Level 5.5 Shields
 - Level 4.8 Spellcasting
 - Level 8.2 Hexes
 * Level 5.0 Necromancy
 - Level 7.0 Shapeshifting


You had 16 spell levels left.
You knew the following spells:

 Your Spells              Type           Power      Damage    Failure   Level
a - Jinxbite              Hex            38%        N/A       2%          2
b - Fugue of the Fallen   Necr           12%        N/A       17%         3

Your spell library contained the following spells:

 Spells                   Type           Power      Damage    Failure   Level
 Confusing Touch          Hex            19%        N/A       4%          3
 Necrotise                Necr           48%        1d6       6%          1
 Ensorcelled Hibernation  Hex/Ice        20%        N/A       13%         2
 Kiss of Death            Conj/Necr      28%        2d7       16%         1
 Cause Fear               Hex            9%         N/A       16%         4
 Dazzling Flash           Conj/Hex       20%        N/A       26%         3
 Anguish                  Hex/Necr       7%         N/A       30%         4
 Apportation              Tloc           4%         N/A       43%         1
 Magic Dart               Conj           8%         1d3       43%         1
 Sandblast                Erth           4%         2d4       43%         1
 Sting                    Conj/Alch      8%         1d3       43%         1
 Dispel Undead            Necr           12%        3d9       50%         4
 Blink                    Tloc           4%         N/A       56%         2
 Lesser Beckoning         Tloc           4%         N/A       56%         2
 Momentum Strike          Conj/Tloc      4%         3d8       56%         2
 Searing Ray              Conj           4%         2d4       56%         2
 Mephitic Cloud           Conj/Alch/Air  2%         N/A       80%         3
 Passwall                 Erth           2%         N/A       80%         3
 Stone Arrow              Conj/Erth      4%         3d7       80%         3
 Curse of Agony           Necr           12%        N/A       85%         5
 Silence                  Hex/Air        5%         N/A       93%         5
 Brom's Barrelling Bould  Conj/Erth      2%         2d3       99%         4
 Fulminant Prism          Conj/Alch      1%         3d5       99%         4
 Petrify                  Alch/Erth      2%         N/A       99%         4
 Alistair's Intoxication  Alch           1%         N/A       100%        5
 Lee's Rapid Deconstruct  Erth           1%         3d4*      100%        5
 Conjure Ball Lightning   Conj/Air       1%         3x3d6     100%        6
 Eringya's Noxious Bog    Alch           1%         4d6       100%        6
 Orb of Destruction       Conj           1%         9d5       100%        7
 Summon Small Mammal      Summ           Unusable   N/A       N/A         1
 Animate Armour           Summ/Erth      Unusable   N/A       N/A         4
 Summon Lightning Spire   Summ/Air       Unusable   N/A       N/A         4
 Summon Forest            Summ/Tloc      Unusable   N/A       N/A         5
 Summon Hydra             Summ           Unusable   N/A       N/A         7

Dungeon Overview and Level Annotations

Branches:
Dungeon (14/15)            Temple (1/1) D:7            Lair (0/5) D:10
    Orc (0/2) D:9          Vaults (0/5) D:13

Altars:
Ashenzari
Cheibriados
Dithmenos
Elyvilon
Fedhas
Gozag
Hepliaklqana
Kikubaaqudgha
Makhleb
Nemelex Xobeh
Okawaru
Qazlal
Ru
Sif Muna
Trog
Uskayaw
Vehumet
Wu Jian
Xom
Yredelemnul
Zin
The Shining One

Shops:
D:7 (   D:9 *

Annotations:
D:6 1 runed translucent door
D:9 4 runed translucent doors


Innate Abilities, Weirdness & Mutations

You are a hulking beast.
Your limbs bulge with bestial killing power. (Slay +4)
You are small and have problems with some larger weapons.
You are completely attuned to the shadows.


Message History

The cyclops throws a large rock.
The large rock hits you!!!
Ouch! That really hurt!
* * * LOW HITPOINT WARNING * * *
Unknown command.
You shoot a bolt. The bolt hits the black mamba!!
The black mamba is severely wounded.
The black mamba bites you but does no damage.
The black mamba barely misses you. You block the black mamba's attack.
A cyclops comes into view.
The black mamba misses you.
Unknown command.
You shoot a bolt. The bolt hits the black mamba!!!
You kill the black mamba!
Okawaru accepts your kill.
The black mamba's shape twists and changes as it dies.
The cyclops throws a large rock.
You block the large rock.
The cyclops hits you but does no damage.
Your Necromancy skill increases to level 5!
An efreet comes into view.
It is wielding a +3 scimitar of flaming.
The cyclops attacks as it pursues you! The cyclops closely misses you.
There is a stone staircase leading up, spattered with blood here.
Things that are here:
3 darts of dispersal; a shapeshifter corpse Unknown command.
The cyclops throws a large rock.
The large rock hits you!
* * * LOW HITPOINT WARNING * * *
The cyclops barely misses you.
You climb upwards.
There is a stone staircase leading down here.
Unknown command.
Unknown command.
You shoot a bolt. The bolt hits the cyclops!
The cyclops is moderately wounded.
The cyclops completely misses you.
Unknown command.
You shoot a bolt. The bolt hits the cyclops!!
The cyclops is severely wounded.
You feel your willpower return. The cyclops completely misses you.
The cyclops hits you!!
You die...

#............#......).......#.
######################)......#.
#............................#.
#.......................÷....'.
#............................#.
#............................#.
#............................#.
#............∩<..............#'
##'####'#......#.........#.....
#...##'########.........###'##
#####.........................


You could see a cyclops.

Vanquished Creatures
  Rupert (D:13)
  Nessos (D:14)
  Erica (D:8)
  A boulder beetle (D:12)
  2 centaur warriors (D:13)
  A two-headed ogre (D:13)
  Amaemon (D:11)
  An orc knight (D:13)
  A deep elf pyromancer (D:12)
  4 ugly things
  A cyclops (D:13)
  Joseph (D:8)
  A black mamba (shapeshifter) (D:14)
  An orange demon (D:11)
  A gargoyle (D:13)
  An unseen horror (D:10)
  5 komodo dragons
  Maggie (D:8)
  3 trolls
  2 hornets (D:9)
  Prince Ribbit (D:9)
  Sigmund (D:3)
  6 slime creatures
  A shadow (D:9)
  4 wyverns
  3 wraiths
  28 yaks
  16 humans (D:13)
  3 basilisks
  2 steam dragons (D:9)
  4 vampire mosquitoes (D:12)
  9 acid dragons
  A water moccasin (shapeshifter) (D:13)
  3 orc warriors
  A swamp drake (D:10)
  2 ice beasts
  2 laughing skulls (D:13)
  An ogre (D:5)
  6 centaurs
  2 kobold brigands
  5 bullfrogs
  2 scorpions
  7 wights
  14 killer bees
  6 howler monkeys
  A bombardier beetle (D:6)
  9 orc priests
  7 hounds
  4 jellies
  2 sleepcaps
  2 gnoll boudas
  Jessica (D:2)
  2 iguanas
  11 orc wizards
  5 gnolls
  7 adders
  2 shadow imps (D:6)
  2 white imps
  2 ufetubi (D:6)
  A dart slug (D:4)
  2 ribbon worms
  56 orcs
  8 ball pythons
  An endoplasm (D:1)
  2 giant cockroaches
  9 goblins
  6 hobgoblins
  4 jackals (D:5)
  6 quokkas
  12 bats
  A frilled lizard (D:2)
  10 kobolds
  5 rats
  A butterfly (D:6)
342 creatures vanquished.

Notes
Turn   | Place    | Note
-------+----------+-------------------------------------------
     0 | D:1      | Newt the Kobold Hunter began the quest for the Orb.
     0 | D:1      | Reached XP level 1. HP: 12/12 MP: 1/1
   250 | D:1      | Reached XP level 2. HP: 18/18 MP: 2/2
   366 | D:1      | Found a faded altar of an unknown god.
   711 | D:1      | Reached skill level 6 in Ranged Weapons
   950 | D:2      | Reached XP level 3. HP: 14/22 MP: 3/3
  1090 | D:2      | Noticed Jessica
  1097 | D:2      | Killed Jessica
  1098 | D:2      | Reached XP level 4. HP: 22/28 MP: 4/4
  2048 | D:3      | Noticed Sigmund
  2054 | D:3      | Killed Sigmund
  2055 | D:3      | Reached skill level 8 in Ranged Weapons
  2055 | D:3      | Reached XP level 5. HP: 21/33 MP: 5/5
  2055 | D:3      | Reached XP level 6. HP: 24/38 MP: 6/6
  2587 | D:3      | Found a white marble altar of Elyvilon.
  2972 | D:3      | Reached XP level 7. HP: 22/44 MP: 7/7
  3203 | D:3      | Reached skill level 9 in Ranged Weapons
  3203 | D:3      | Found an ornate altar of the Wu Jian Council.
  4123 | D:5      | Entered Level 5 of the Dungeon
  4234 | D:5      | Reached skill level 5 in Fighting
  4654 | D:5      | Found an opulent altar of Gozag.
  4766 | D:5      | Reached skill level 10 in Ranged Weapons
  4786 | D:5      | Reached XP level 8. HP: 9/50 MP: 8/8
  5047 | D:5      | Reached skill level 11 in Ranged Weapons
  6269 | D:5      | Identified the +8 falchion of Law {freeze, *Corrode rPois
                  | rF+ Stlth+}
  6483 | D:6      | Reached XP level 9. HP: 53/56 MP: 9/9
  6859 | D:6      | Found a runed translucent door.
  7021 | D:6      | Reached skill level 5 in Dodging
  7136 | D:6      | Found a shimmering altar of Xom.
  8574 | D:7      | Found a staircase to the Ecumenical Temple.
  8584 | D:7      | Reached XP level 10. HP: 65/65 MP: 10/10
  8588 | Temple   | Entered the Ecumenical Temple
  8594 | Temple   | Became a worshipper of Warmaster Okawaru
  8609 | D:7      | Found Woetares's Weapon Boutique.
  8683 | D:7      | Found a hazy altar of Hepliaklqana.
  8715 | D:7      | Bought a +3 sling of flaming for 236 gold pieces
  8858 | D:8      | Found a stormy altar of Qazlal.
  8864 | D:8      | Noticed Maggie
  8873 | D:8      | Killed Maggie
  8874 | D:8      | Reached skill level 1 in Spellcasting
  8874 | D:8      | Reached skill level 1 in Hexes
  8946 | D:8      | Learned a level 2 spell: Jinxbite
  8982 | D:8      | Found a shadowy altar of Dithmenos.
  9097 | D:8      | Noticed Joseph
  9118 | D:8      | Killed Joseph
  9118 | D:8      | Reached * piety under Okawaru
  9119 | D:8      | Noticed Erica
  9124 | D:8      | Killed Erica
  9124 | D:8      | Reached ** piety under Okawaru
  9751 | D:9      | Reached skill level 10 in Fighting
  9873 | D:9      | Noticed Prince Ribbit
  9884 | D:9      | Reached *** piety under Okawaru
  9890 | D:9      | Killed Prince Ribbit
  9891 | D:9      | Reached XP level 11. HP: 41/72 MP: 13/17
 10146 | D:9      | Found Satyrr's Changing Room.
 10167 | D:9      | Bought a beast talisman for 260 gold pieces
 10167 | D:9      | Bought a potion of mutation for 104 gold pieces
 10167 | D:9      | Bought a potion of lignification for 39 gold pieces
 10190 | D:9      | Reached skill level 5 in Hexes
 10282 | D:9      | Reached **** piety under Okawaru
 10479 | D:9      | Found a bloodstained altar of Trog.
 10694 | D:9      | Found a large runed translucent door.
 10694 | D:9      | Found a large runed translucent door.
 10696 | D:9      | Noticed a boulder beetle
 10724 | D:9      | Noticed a red ugly thing
 11124 | D:9      | Found a large runed translucent door.
 11124 | D:9      | Found a large runed translucent door.
 11194 | D:9      | Got the Handbook of Terrain and Assembling
 11262 | D:9      | Found a staircase to the Orcish Mines.
 11348 | D:9      | Reached skill level 1 in Shapeshifting
 11527 | D:9      | Found the +5 glaive of the Guard {elec, spectral}
 11607 | D:10     | Entered Level 10 of the Dungeon
 12029 | D:10     | Got Pij Zeext's Grimoire of Fulmination and Obstruction
 12130 | D:10     | Reached ***** piety under Okawaru
 12508 | D:10     | Found a staircase to the Lair.
 12953 | D:10     | Reached skill level 5 in Shapeshifting
 13154 | D:10     | Found a glowing golden altar of the Shining One.
 13251 | D:11     | Reached XP level 12. HP: 60/78 MP: 16/19
 13533 | D:11     | Noticed Amaemon
 13552 | D:11     | Killed Amaemon
 13870 | D:11     | Reached skill level 12 in Ranged Weapons
 14509 | D:11     | Reached ****** piety under Okawaru
 14522 | D:11     | Received a gift from Okawaru
 14524 | D:11     | Acquired a +1 heavy hand cannon
 14524 | D:11     | Received a gift from Okawaru
 14757 | D:11     | Acquired a +1 buckler of protection
 14757 | D:11     | Received a gift from Okawaru
 15031 | D:12     | Reached skill level 1 in Shields
 15162 | D:12     | Noticed a boulder beetle
 15167 | D:12     | Killed a boulder beetle
 15366 | D:12     | Reached skill level 13 in Ranged Weapons
 15732 | D:12     | Received a gift from Okawaru
 16358 | D:13     | Noticed a centaur warrior
 16370 | D:13     | Noticed Rupert
 16375 | D:13     | Killed Rupert
 16375 | D:13     | Received a gift from Okawaru
 16376 | D:13     | Reached XP level 13. HP: 44/84 MP: 18/20
 16402 | D:13     | Reached skill level 5 in Shields
 16697 | D:13     | Found a gate to the Vaults.
 16700 | D:13     | Killed a centaur warrior
 16790 | D:13     | Reached skill level 14 in Ranged Weapons
 16792 | D:13     | Noticed a centaur warrior
 17117 | D:13     | Learned a level 3 spell: Fugue of the Fallen
 17146 | D:13     | Killed a centaur warrior
 17146 | D:13     | Received a gift from Okawaru
 18249 | D:14     | Noticed Nessos
 18253 | D:14     | Killed Nessos
 18253 | D:14     | Received a gift from Okawaru
 18261 | D:14     | Reached skill level 5 in Necromancy
 18265 | D:13     | Mangled by a cyclops

Illustrated notes

Levels and vault maps discovered:
D:1:      saegor_arrival_simple_d, layout_loops_ring,
          hellmonk_ecumenical_altar_arch_garden, chequers_avenue
D:2:      layout_loops_corners, kennysheep_path_1, uniq_jessica
D:3:      layout_loops_ring, nicolae_wu_jian_glorious_leap, lemuel_doored_altar,
          minmay_goblin_outpost, uniq_sigmund
D:4:      layout_cave_pools, chequers_serial_rivers_micro_d
D:5:      minmay_polygon_palace, layout_cave_pods,
          nicolae_overflow_hidden_temple
D:6:      layout_loops_ring, xom_butterflies, ebering_ghost_reflecting_pool,
          chequers_serial_rivers_micro_e, grunt_decor_cap,
          serial_library_hellmonk_long_bookcase
D:7:      layout_basic, kennysheep_mini, minmay_temple_entry_gardened_gates,
          serial_shops, nicolae_shop_waterfront
D:8:      layout_cave_pools, mainiacjoe_overflow_catch_the_wave, uniq_joseph,
          uniq_maggie, uniq_erica
D:9:      layout_rooms, mainiacjoe_overflow_surrounded_room, hiddenorc2_lemuel,
          minmay_misc_feat_plants, nicolae_transmutations_shop,
          chequers_serial_rivers_small_b, minmay_hollow_rounded_squares,
          uniq_prince_ribbit1
D:10:     layout_cave_pools, mainiacjoe_overflow_brackets, erik_lair_dragon
D:11:     layout_stronghold, uniq_amaemon
D:12:     layout_long_grid, kennysheep_generic_room_4
D:13:     layout_gridville, david_vaults_3, minmay_misc_feat_doors
D:14:     layout_small_grid, hangedman_decor_opposing, uniq_nessos, uniq_lodul
Temple:   dshaligram_water_room_temple

Skill      XL: |  1  2  3  4  5  6  7  8  9 10 11 12 13 |
---------------+----------------------------------------+-----
Ranged Weapons | 6 8 10 11 13 14 | 14.0
Fighting       | 3 4 5 6 8 10 11 12 | 12.5
Dodging        | 3 8 9 |  9.1
Spellcasting   | 4 |  4.8
Hexes          | 4 8 |  8.2
Shapeshifting  | 5 7 |  7.0
Shields        | 4 5 |  5.5
Necromancy     | 5 |  5.0
Stealth        | |  1.3

Action                     |  1- 3 |  4- 6 |  7- 9 | 10-12 | 13-15 || total
---------------------------+-------+-------+-------+-------+-------++-------
  Melee: Unarmed           |     3 |     1 |       |       |       ||     4
   Fire: Shortbow          |    43 |   106 |   405 |       |       ||   554
         Sling             |       |       |       |   545 |       ||   545
         Hand cannon       |       |       |       |    78 |    87 ||   165
   Cast: Jinxbite          |       |       |       |    43 |     2 ||    45
 Invoke: Heroism           |       |       |       |     1 |       ||     1
         Receive Weapon    |       |       |       |     1 |       ||     1
         Receive Armour    |       |       |       |     1 |       ||     1
  Evoke: Wand              |       |       |       |     4 |       ||     4
    Use: Scroll            |     6 |     2 |     8 |     8 |     1 ||    25
         Potion            |       |     2 |    10 |     3 |       ||    15
 Armour: Leather armour    |     6 |    24 |   154 |     1 |       ||   185
         Skin              |     1 |       |       |       |       ||     1
         Steam dragon scal |       |       |       |   141 |    44 ||   185
         Troll leather arm |       |       |       |       |    12 ||    12
  Dodge: Dodged            |    12 |    19 |   204 |   378 |    99 ||   712
  Block: Buckler           |       |       |       |    31 |    56 ||    87
   Form: Beast             |       |       |       |     1 |       ||     1

Table legend: (Time is in decaauts)
 A = Elapsed time spent in this place.
 B = Non-inter-level travel time spent in this place.
 C = Inter-level travel time spent in this place.
 D = Time resting spent in this place.
 E = Time spent auto-exploring this place.
 F = Levels seen in this place.
 G = Mean time per level.
                   A        B        C        D        E       F      G
               +--------+--------+--------+--------+--------+-----+--------+
         Total |  18266 |  17720 |    546 |   5036 |  10536 |  15 | 1217.7 |
       Dungeon |  18253 |  17718 |    535 |   5036 |  10536 |  14 | 1303.8 |
        Temple |     12 |      1 |     11 |      0 |      0 |   1 |   12.0 |
               +--------+--------+--------+--------+--------+-----+--------+

Top non-repeatable levels by time:
     D:5: 2316 daAuts
    D:13: 2111 daAuts
     D:9: 1866 daAuts
    D:10: 1621 daAuts
     D:3: 1556 daAuts
    D:11: 1532 daAuts
     D:6: 1494 daAuts
    D:12: 1481 daAuts
     D:2: 1104 daAuts
     D:1: 869 daAuts
     D:7: 838 daAuts
     D:8: 833 daAuts
     D:4: 603 daAuts
    D:14: 25 daAuts
  Temple: 12 daAuts
